 Dungeon Crawl Stone Soup version 0.27-a0-1529-g1e82c303ef (webtiles) character file.

Game seed: 8936284950522571265

157 Morbidden the Covered (level 5, -2/41 HPs)
             Began as a Demonspawn Fighter on July 12, 2021.
             Was an Initiate of Gozag.
             Slain by an ogre (9 damage)
             ... on level 4 of the Dungeon.
             The game lasted 00:03:11 (3560 turns).

Morbidden the Covered (Demonspawn Fighter)          Turns: 3560, Time: 00:03:12

Health: -2/41      AC:  6    Str: 17    XL:     5   Next: 15%
Magic:  5/5        EV:  7    Int: 10    God:    Gozag
Gold:   601        SH:  9    Dex: 12    Spells: 4/4 levels left

rFire    . . .     SeeInvis .   b - +1 short sword (elec)
rCold    . . .     Faith    .   c - +0 kite shield
rNeg     . . .     Spirit   .   i - +0 scale mail
rPois    .         Reflect  .   (no helmet)
rElec    .         Harm     .   (no cloak)
rCorr    .         Rampage  .   (no gloves)
Will     .....                  (boots unavailable)
Stlth    ..........             (no amulet)
HPRegen  0.13/turn              (no ring)
MPRegen  0.09/turn              (no ring)

@: gold aura
A: claws 1, hooves 3
a: Renounce Religion, Potion Petition, Call Merchant, Bribe Branch


You were on level 4 of the Dungeon.
You worshipped Gozag.
Gozag was pleased with you.
You visited 1 branch of the dungeon, and saw 4 of its levels.

You collected 601 gold pieces.

Inventory:

Hand Weapons
 a - a +0 long sword
 b - a +1 short sword of electrocution (weapon)
Armour
 c - a +0 kite shield (worn)
 i - a +0 scale mail (worn)
Scrolls
 e - 6 scrolls of identify
 f - a scroll of fear
 h - a scroll of teleportation {unknown}
 k - a scroll of amnesia {unknown}
 l - a scroll of immolation {unknown}
 m - a scroll of torment {unknown}
 n - a scroll of fog {unknown}
Potions
 d - 2 potions of might
 g - a potion of haste
 j - a potion of berserk rage {unknown}
 o - a potion of brilliance {unknown}
 p - a potion of degeneration {unknown}


   Skills:
 + Level 3.4 Fighting
 + Level 1.0(2.0) Short Blades
 + Level 2.8(2.9) Long Blades
 + Level 3.5 Armour
 + Level 0.8 Dodging
 + Level 0.1 Stealth
 + Level 3.4 Shields


You had 4 spell levels left.
You didn't know any spells.
Your spell library contained the following spells:

 Spells                   Type           Power      Damage    Failure   Level
 Slow                     Hex            0%         N/A       100%        2
 Confusing Touch          Hex            0%         N/A       100%        3
 Yara's Violent Unravell  Hex/Tmut       0%         3d3       100%        5


Dungeon Overview and Level Annotations

Branches:
Dungeon (4/15)
 Temple: D:4-7

Altars:
Ashenzari
Gozag

Shops:
D:3 :


Innate Abilities, Weirdness & Mutations

You have sharp fingernails.
You have hooves in place of feet.


Message History

The goblin shoots a stone.
The stone hits you but does no damage. The goblin hits you with a +0 dagger.
The goblin is distracted by your dazzling golden aura. x2
The goblin shouts!
You barely miss the goblin.
The goblin is no longer distracted by gold.
The goblin shouts!
Your kick misses the goblin.
The goblin shoots a stone.
The stone barely misses you.
An ogre comes into view. It is wielding a +0 giant spiked club.
You block the goblin's attack.
The goblin shoots a stone.
The stone hits you.
Unknown command.
Unknown command.
Unknown command.
You hit the goblin. Lightning courses through the goblin!
You kill the goblin!
The goblin is no longer distracted by gold.
A goblin comes into view. It is wielding a +0 dagger.
The goblin shoots a stone.
The stone barely misses you.
The stone hits the ogre.
Your base Short Blades skill increases to level 1!
You hit the ogre but do no damage.
The ogre is lightly wounded.
A hobgoblin comes into view.
The goblin is distracted by your dazzling golden aura.
The ogre hits you with a +0 giant spiked club!
You puncture the ogre!
The ogre is moderately wounded.
The goblin is no longer distracted by gold.
The ogre hits you with a +0 giant spiked club!!
Ouch! That really hurt!
* * * LOW HITPOINT WARNING * * *
Your scale mail prevents you from hitting the ogre.
You kick the ogre!
The ogre is severely wounded.
The goblin is no longer distracted by gold.
The goblin shoots a stone.
The stone hits you but does no damage.
The ogre hits you with a +0 giant spiked club!
You die...
Your body crumbles into a pile of gold.

.....#. #.........##
.....#.
######.....#.####
...#. ##.....####.#.#
#.... #..###..# #.#.#
#.#..###.## ##.###.#.#
#....#...#
#...#.#.#### #...###
+####...#<....
#..##$#g..#$##..#.####
#..'O@$g..+$$#........
#..##g#gg.#$ #..#.####
#.....### '## #...#<#
#..... .#.....###
#...... #....##
#.####. #...## .. ..
.... ## #..


You could see an ogre, a hobgoblin and 4 goblins.

Vanquished Creatures
  An orc priest (D:3)
  2 adders (D:3)
  5 worms
  A dart slug (D:1)
  9 orcs (D:3)
  6 ball pythons
  10 endoplasms
  A giant cockroach (D:3)
  5 goblins
  8 hobgoblins
  2 jackals (D:1)
  3 quokkas
  9 bats
  4 frilled lizards
  9 kobolds
  2 rats
77 creatures vanquished.

Notes
Turn   | Place    | Note
-------+----------+-------------------------------------------
     0 | D:1      | Morbidden the Demonspawn Fighter began the quest for the
                  | Orb.
     0 | D:1      | Reached XP level 1. HP: 18/18 MP: 1/1
    25 | D:1      | Found a faded altar of an unknown god.
    37 | D:1      | Became a worshipper of Gozag Ym Sagoz the Greedy
   127 | D:1      | Gained mutation: You have large cloven feet. [demonic
                  | ancestry]
   127 | D:1      | Reached XP level 2. HP: 20/24 MP: 2/2
  1076 | D:1      | Gained mutation: You have hoof-like feet. [demonic
                  | ancestry]
  1076 | D:1      | Reached XP level 3. HP: 11/29 MP: 3/3
  1778 | D:2      | Found a broken altar of Ashenzari.
  2527 | D:3      | Gained mutation: You have sharp fingernails. [demonic
                  | ancestry]
  2527 | D:3      | Reached XP level 4. HP: 27/35 MP: 4/4
  2805 | D:3      | Found Teplag's Book Emporium.
  3062 | D:3      | Gained mutation: You have hooves in place of feet. [demonic
                  | ancestry]
  3062 | D:3      | Reached XP level 5. HP: 33/41 MP: 5/5
  3556 | D:4      | Noticed an ogre
  3558 | D:4      | Reached skill level 1 in Short Blades
  3560 | D:4      | Slain by an ogre

Illustrated notes

Levels and vault maps discovered:
D:1:      grunt_arrival_crossed_arrows, layout_basic, basic_ecumenical_altar,
          minmay_split_cup_small
D:2:      layout_rooms, serial_aquarium, aquarium_bridge_straight
          [aquarium_subvault_bridge, aquarium_subvault_window,
          aquarium_subvault_bridge, aquarium_subvault_wall],
          aquarium_bridge_straight [aquarium_subvault_bridge,
          aquarium_subvault_balcony, aquarium_subvault_bridge,
          aquarium_subvault_wall], aquarium_window_fake, aquarium_window_1,
          aquarium_window_fake, aquarium_window_fake, aquarium_view_2e,
          aquarium_view_2e, aquarium_balcony_3b, basic_altar,
          minmay_goblin_kobold_house
D:3:      layout_loops_cross, serial_shops, shop
D:4:      cheibrodos_greedy_goblins, layout_basic, minmay_misc_feat_nine_boxes,
          hangedman_decor_opposing, kennysheep_opposing_triangles

Skill      XL: |  1  2  3  4  5 |
---------------+----------------+-----
Armour         | 3 |  3.5
Long Blades    | 2 |  2.8
Shields        | 3 |  3.4
Short Blades   | 1 |  1.0
Fighting       | |  3.4
Dodging        | |  0.8
Stealth        | |  0.1

Action                   |  1- 3 |  4- 6 || total
-------------------------+-------+-------++-------
Melee: Long sword        |   123 |       ||   123
       Kick              |    27 |    14 ||    41
       Short sword       |    15 |    69 ||    84
  Use: Scroll            |     2 |       ||     2
Armor: Scale mail        |    68 |    26 ||    94
Dodge: Dodged            |    49 |    20 ||    69
Block: Kite shield       |   104 |    27 ||   131
       Rpst.: Long sword |    12 |       ||    12

Table legend: (Time is in decaauts)
 A = Elapsed time spent in this place.
 B = Non-inter-level travel time spent in this place.
 C = Inter-level travel time spent in this place.
 D = Time resting spent in this place.
 E = Time spent auto-exploring this place.
 F = Levels seen in this place.
 G = Mean time per level.
                   A        B        C        D        E       F      G
               +--------+--------+--------+--------+--------+-----+--------+
         Total |   3647 |   3554 |     93 |    423 |   2530 |   4 |  911.8 |
       Dungeon |   3647 |   3554 |     93 |    423 |   2530 |   4 |  911.8 |
               +--------+--------+--------+--------+--------+-----+--------+

Top non-repeatable levels by time:
     D:1: 1654 daAuts
     D:3: 974 daAuts
     D:2: 927 daAuts
     D:4: 91 daAuts
